 Dungeon Crawl Stone Soup version 0.24-a0-235-g3f03afcf10 (webtiles) character file.

Game seed: 1671813553385633405

553 Redear the Sneak (level 7, -6/49 HPs)
             Began as an Octopode Fighter on Apr 5, 2019.
             Was a Believer of Cheibriados.
             Splashed by an orc wizard's acid (12 damage)
             ... while paralysed by an orc wizard
             ... on level 5 of the Dungeon.
             The game lasted 00:10:51 (4170 turns).

Redear the Sneak (Octopode Fighter)                 Turns: 4170, Time: 00:10:51

Health: -6/49      AC: -3    Str: 21    XL:     7   Next: 29%
Magic:  16/16      EV:  2    Int: 16    God:    Cheibriados [**....]
Gold:   221        SH:  0    Dex: 17    Spells: 2/6 levels left

rFire    . . .     SeeInvis .   a - +0 long sword
rCold    . . .     Gourm    .   (no shield)
rNeg     . . .     Faith    .   (helmet restricted)
rPois    .         Spirit   .   (no amulet)
rElec    .         Reflect  .   f - ring of magical power {MP+9}
rCorr    .         Harm     .   (no ring)
MR       .....                  (no ring)
Stlth    ++++......             (no ring)
HPRegen  0.16/turn              (no ring)
MPRegen  0.15/turn              (no ring)
                                (no ring)
                                (no ring)

@: paralysed, corroded, very slow
A: almost no armour, stealthy swim, amphibious, 8 rings, constrict 8, camouflage
1, gelatinous body 1
a: Bend Time, Renounce Religion


You were on level 5 of the Dungeon.
You worshipped Cheibriados.
Cheibriados was pleased with you.
You were hungry.

You visited 1 branch of the dungeon, and saw 5 of its levels.

You collected 221 gold pieces.

Inventory:

Hand Weapons
 a - a +0 long sword (weapon)
Missiles
 p - 3 javelins
 v - 23 stones (quivered)
Armour
 b - a +0 shield
Jewellery
 f - a ring of magical power (left tentacle) {MP+9}
Scrolls
 e - a scroll of enchant weapon {unknown}
 l - 2 scrolls of immolation
 o - a scroll of vulnerability {unknown}
 q - a scroll of noise
 s - a scroll of blinking {unknown}
 y - a scroll of magic mapping {unknown}
 N - a scroll of remove curse {@r2}
 T - 2 scrolls of teleportation
Potions
 c - a potion of might {Str+5 DMG+1d10 | @q3}
 d - a potion of resistance {unknown}
 g - a potion of ambrosia {unknown}
 h - a potion of agility {unknown}
 i - a potion of haste {unknown}
 j - 3 potions of heal wounds {unknown}
 k - a potion of flight {unknown}
 m - a potion of berserk rage {unknown}
 n - a potion of magic {unknown}
 r - 2 potions of lignification {unknown}
 u - 4 potions of curing {unknown}
 x - a potion of brilliance {unknown}
Comestibles
 z - 11 rations


   Skills:
 + Level 4.4 Fighting
 + Level 3.9 Long Blades
 + Level 4.5 Dodging
 + Level 4.5 Stealth
 + Level 4.4 Shields


You had 2 spell levels left.
You knew the following spells:

 Your Spells              Type           Power        Failure   Level  Hunger
a - Confusing Touch       Hex            #.....       26%         1    ##.....
b - Animate Skeleton      Necr           N/A          26%         1    ##.....
c - Summon Small Mammal   Summ           #...         26%         1    ##.....
g - Apportation           Tloc           #.....       26%         1    ##.....

Your spell library contained the following spells:

 Spells                   Type           Power        Failure   Level  Hunger
 Magic Dart               Conj           #...         26%         1    ##.....
 Searing Ray              Conj           #.....       36%         2    ###....
 Dazzling Spray           Conj/Hex       #.....       58%         3    ####...
 Force Lance              Conj/Tloc      #.......     94%         4    #####..
 Fulminant Prism          Conj/Hex       #.........   94%         4    #####..
 Iskenderun's Mystic Bla  Conj           #.......     94%         4    #####..


Dungeon Overview and Level Annotations

Branches:
Dungeon (5/15)             Temple (0/1) D:5

Altars:
Cheibriados
Dithmenos
Ru
Sif Muna
Uskayaw
Yredelemnul
The Shining One


Innate Abilities, Weirdness & Mutations

You cannot wear most types of armour.
You are very stealthy in the water. (Stealth+)
You are amphibious.
You can wear up to eight rings at the same time.
You can use your tentacles to constrict eight enemies at once.
Your skin changes colour to match your surroundings (Stealth+).
Your rubbery body absorbs attacks. (AC +1, EV +1)


Message History

g - Guard the area. f - Follow me.
Anything else - Cancel.
Okay, then.
There are monsters nearby!
Take off which item? (? for menu, Esc to quit)
Okay, then.
The orc wizard casts a spell.
The orc wizard seems to speed up.
The orc throws a stone.
The stone completely misses you.
The orc wizard zaps a wand.
You suddenly lose the ability to move!
The orc throws a stone.
The stone hits you.
The orc wizard zaps a wand.
You shrug off the repeated paralysis!
The orc wizard points at you and mumbles some strange words.
The magic dart hits you!
The orc wizard gestures at you while chanting.
The magic dart hits you.
The orc throws a stone.
The stone hits you.
The orc wizard zaps a wand.
The bolt of acid hits you!
* * * LOW HITPOINT WARNING * * *
The acid corrodes you!
You are splashed with acid!
You die...

#............#.###.#.....
############.#.....#.###.
##########....#.....#. #.
##...................#.
#.
#..............#....##.
#.
#..!.>.........#....##.
##.
#..............#.#####.
#.. #......##(.....#.#
#.. ##.#### #(@....#. #..
#..(...# #.. #..)...o...
#.. #......#.## ...
.....o..o.. ###.
.........#.# #.
............ ..
............. .
..............


You could see 2 orc wizards and an orc.

Vanquished Creatures
  An ogre (D:4)
  Blork the orc (D:4)
  A howler monkey (D:4)
  A bullfrog zombie (D:5)
  A hound (D:4)
  An orc wizard (D:5)
  A worker ant (D:5)
  Natasha (thrice) (D:4)
  Robin (D:2)
  2 howler monkey skeletons (D:5)
  5 adders
  2 oozes
  An adder skeleton (D:5)
  A worm (D:4)
  A dart slug (D:1)
  2 leopard geckos
  5 orcs
  7 bats
  5 giant cockroaches
  12 goblins
  12 hobgoblins
  3 quokkas
  9 ball pythons
  A frilled lizard (D:1)
  9 kobolds
  9 rats
97 creatures vanquished.

Notes
Turn   | Place    | Note
-------+----------+-------------------------------------------
     0 | D:1      | Redear the Octopode Fighter began the quest for the Orb.
     0 | D:1      | Reached XP level 1. HP: 16/16 MP: 1/1
   194 | D:1      | Reached XP level 2. HP: 20/21 MP: 2/2
   238 | D:1      | Reached skill level 1 in Stealth
   915 | D:2      | Reached XP level 3. HP: 13/26 MP: 3/3
   982 | D:2      | Noticed Robin
   998 | D:2      | Killed Robin
   998 | D:2      | Reached skill level 2 in Stealth
  1004 | D:2      | Reached XP level 4. HP: 4/31 MP: 4/4
  1008 | D:2      | HP: 3/31 [hobgoblin/+0 club[Robin] (2)]
  1086 | D:2      | Found a snail-covered altar of Cheibriados.
  1089 | D:2      | Found a hide-covered altar of Uskayaw.
  1093 | D:2      | Found a shadowy altar of Dithmenos.
  1110 | D:2      | Became a worshipper of Cheibriados the Contemplative
  1421 | D:2      | Found a faded altar of an unknown god.
  1983 | D:3      | Reached * piety under Cheibriados
  2287 | D:3      | Reached XP level 5. HP: 36/36 MP: 5/5
  2297 | D:3      | Found a glowing golden altar of the Shining One.
  2300 | D:3      | Found a basalt altar of Yredelemnul.
  2306 | D:3      | Noticed an angel
  2554 | D:4      | Reached skill level 3 in Long Blades
  2560 | D:4      | Noticed an ogre
  2569 | D:4      | Killed an ogre
  2569 | D:4      | Reached skill level 3 in Stealth
  2569 | D:4      | Reached XP level 6. HP: 31/43 MP: 6/6
  2719 | D:4      | Reached skill level 4 in Fighting
  2719 | D:4      | Reached skill level 4 in Dodging
  2738 | D:4      | Reached ** piety under Cheibriados
  2822 | D:4      | Reached skill level 4 in Shields
  2827 | D:4      | Noticed Blork the orc
  2894 | D:4      | Killed Blork the orc
  2895 | D:4      | Found a deep blue altar of Sif Muna.
  2962 | D:4      | Noticed Natasha
  2965 | D:4      | Killed Natasha
  2965 | D:4      | Reached skill level 4 in Stealth
  2972 | D:4      | Learned a level 1 spell: Animate Skeleton
  2974 | D:4      | Learned a level 1 spell: Apportation
  2976 | D:4      | Learned a level 1 spell: Confusing Touch
  2978 | D:4      | Learned a level 1 spell: Summon Small Mammal
  3208 | D:4      | Noticed Natasha
  3214 | D:4      | Killed Natasha
  3525 | D:4      | Noticed Natasha
  3543 | D:4      | Killed Natasha
  3543 | D:4      | Reached XP level 7. HP: 38/48 MP: 7/7
  3588 | D:5      | Entered Level 5 of the Dungeon
  3934 | D:5      | Found a basalt altar of Yredelemnul.
  3966 | D:5      | Found a staircase to the Ecumenical Temple.
  4003 | D:5      | Found a sacrificial altar of Ru.
  4167 | D:5      | Paralysed by an orc wizard for 5 turns
  4170 | D:5      | Splashed by an orc wizard's acid

Levels and vault maps discovered:
D:1:      minmay_arrival_open_corners, layout_basic
D:2:      layout_rooms, grunt_temple_overflow_diamond,
          chequers_ecumenical_altar_simple_redux, uniq_robin
D:3:      layout_loops_ring, grunt_temple_overflow_holy_war
D:4:      layout_gridville, tgw_sif, minmay_snake_closets, uniq_natasha
D:5:      layout_basic, nicolae_overflow_hidden_temple,
          minmay_temple_entry_overgrown, basic_altar, first_ration,
          hangedman_decor_slide_cut

Skill      XL: |  1  2  3  4  5  6 |
---------------+-------------------+-----
Stealth        | 1 2 3 4 |  4.5
Long Blades    | 3 |  3.9
Fighting       | 4 |  4.4
Dodging        | 4 |  4.5
Shields        | 4 |  4.4

Action                   |  1- 3 |  4- 6 |  7- 9 || total
-------------------------+-------+-------+-------++-------
Melee: Long sword        |    53 |    92 |    16 ||   161
       Constrict         |    10 |    24 |     9 ||    43
       Tentacles         |     8 |    21 |     8 ||    37
Throw: Stone             |       |     1 |       ||     1
Invok: Bend Time         |       |     1 |       ||     1
  Use: Potion            |       |     1 |       ||     1
       Scroll            |       |       |     5 ||     5
 Stab: Sleeping          |     7 |    12 |     1 ||    20
  Eat: Chunk             |       |     5 |     2 ||     7
Armor: Skin              |     4 |     7 |     1 ||    12
Dodge: Dodged            |    31 |    67 |    18 ||   116
       Rpst.: Long sword |     9 |    24 |     6 ||    39

Table legend:
 A = Non-vault XP
 B = Vault XP
 C = Vault XP percentage of total XP
 D = Non-vault monster count
 E = Vault monster count
 F = Vault count percentage of total count
                 A         B        C        D         E       F
            +---------+---------+-------+---------+---------+-------
      Total |     590 |     200 |  25.3 |      73 |      24 |  24.7
            +---------+---------+-------+---------+---------+-------
        D:1 |      27 |       0 |   0.0 |      13 |       0 |   0.0
        D:2 |      49 |      36 |  42.4 |      20 |      12 |  37.5
        D:3 |      57 |       0 |   0.0 |      21 |       0 |   0.0
        D:4 |     294 |     164 |  35.8 |       8 |      12 |  60.0
        D:5 |     163 |       0 |   0.0 |      11 |       0 |   0.0
            +---------+---------+-------+---------+---------+-------
